 Dungeon Crawl Stone Soup version 0.23.1-38-g628c18f (webtiles) character file.

Game seed: 16440109380716991530

36 Borgoz the Cutter (level 3, 0/22 HPs)
             Began as a Kobold Gladiator on Mar 28, 2019.
             Succumbed to a kobold's poison
             ... on level 2 of the Dungeon.
             The game lasted 00:02:40 (829 turns).

Borgoz the Cutter (Kobold Gladiator)                 Turns: 829, Time: 00:02:41

Health: 0/22       AC:  4    Str: 12    XL:     3   Next: 57%
Magic:  3/3        EV: 16    Int:  9    God:
Gold:   32         SH:  0    Dex: 16    Spells: 2/2 levels left

rFire    . . .     SeeInvis .   a - +1 rapier
rCold    . . .     Gourm    .   (shield restricted)
rNeg     . . .     Faith    .   b - +0 leather armour
rPois    .         Spirit   .   c - +0 helmet
rElec    .         Reflect  .   (no cloak)
rCorr    .         Harm     .   (no gloves)
MR       .....                  (no boots)
Stlth    ++........             (no amulet)
HPRegen  0.07/turn              (no ring)
MPRegen  0.08/turn              (no ring)

@: lethally poisoned (0 -> -3), berserk cooldown, slowed, very slow
A: small, carnivore
a: no special abilities


You were on level 2 of the Dungeon.
You were full.

You visited 1 branch of the dungeon, and saw 2 of its levels.

You collected 32 gold pieces.

Inventory:

Hand Weapons
 a - a +1 rapier (weapon)
 j - a +2 dagger of venom
Missiles
 d - 3 throwing nets (quivered)
Armour
 b - a +0 leather armour (worn)
 c - a +0 helmet (worn)
Jewellery
 h - an uncursed ring of wizardry {unknown}
 l - an uncursed amulet of magic regeneration {unknown}
Scrolls
 g - a scroll of magic mapping {unknown}
 i - a scroll of remove curse
Potions
 e - a potion of berserk rage
 m - 2 potions of haste
Comestibles
 f - 2 rations


   Skills:
 + Level 2.4 Fighting
 * Level 4.4 Short Blades
 - Level 2.1 Throwing
 * Level 1.0 Armour
 * Level 4.1 Dodging
 + Level 1.1 Stealth


You had 2 spell levels left.
You didn't know any spells.
Your spell library was empty.

Dungeon Overview and Level Annotations

Branches:
Dungeon (2/15)

Altars:


Innate Abilities, Weirdness & Mutations

You are small and have problems with some larger weapons.
You are carnivorous and can eat meat at any time.


Message History

You are no longer berserk.
You are exhausted.
You feel yourself slow down.
* * * LOW HITPOINT WARNING * * *
You feel sick.
Okay, then.
As you read the scroll labeled MEGIQI TIGEU, it crumbles to dust.
You feel blessed for a moment.
It was a scroll of remove curse.
* * * LOW HITPOINT WARNING * * *
You feel sick.
As you read the scroll labeled DEPRISHUNIO, it crumbles to dust.
It is a scroll of enchant weapon.
Your +0 rapier glows red for a moment.
* * * LOW HITPOINT WARNING * * *
You feel sick.
* * * LOW HITPOINT WARNING * * *
You feel sick.
* * * LOW HITPOINT WARNING * * *
You feel sick.
You die...

.########.##......##.#
.### #.##.........#
#..#
#.##.###..##.########.
.#.# #.#(##
#....≈≈.≈.≈..≈ .#.#
####..##
##.....≈≈≈≈≈≈.. .#.#
#.....#
#..≈≈≈≈≈≈≈≈≈≈≈. .#.#
#.###.##
##..≈≈≈≈≈≈≈≈≈≈. ......
##.## ##..≈≈≈≈≈≈≈≈≈≈≈
##.##
##.###@#..≈≈≈♣.≈≈≈≈.
.# ##....#≈.≈≈≈≈_.≈≈≈≈
##.#
##.#....≈≈≈≈≈.≈≈≈.
.... #.#....≈≈≈≈≈≈≈≈≈.
...# #.#.#.≈≈≈≈≈≈≈≈≈≈.
#### #.#>#..≈≈≈≈≈≈≈≈≈.
#.#.#.....≈..≈≈. ....#
.... ..... ..#


There were no monsters in sight!

Vanquished Creatures
  An ooze (D:2)
  4 dart slugs (D:1)
  A leopard gecko (D:2)
  6 bats
  2 hobgoblins
  4 frilled lizards (D:1)
  2 goblins
  4 kobolds
  3 rats (D:1)
27 creatures vanquished.

Notes
Turn   | Place    | Note
-------+----------+-------------------------------------------
     0 | D:1      | Borgoz the Kobold Gladiator began the quest for the Orb.
     0 | D:1      | Reached XP level 1. HP: 12/12 MP: 1/1
   213 | D:1      | Reached XP level 2. HP: 17/17 MP: 2/2
   390 | D:1      | Reached skill level 1 in Stealth
   390 | D:1      | Reached XP level 3. HP: 20/22 MP: 3/3
   719 | D:2      | Reached skill level 1 in Armour
   802 | D:2      | Found a faded altar of an unknown god.
   827 | D:2      | HP: 1/22 [poisoned by a kobold]
   829 | D:2      | Succumbed to a kobold's poison

Skill      XL: |  1  2  3 |
---------------+----------+-----
Dodging        | 4 |  4.1
Stealth        | 1 |  1.1
Armour         | 1 |  1.0
Fighting       | |  2.4
Short Blades   | |  4.4
Throwing       | |  2.1

Action                   || total
-------------------------++-------
Melee: Rapier            ||   102
  Use: Scroll            ||     2
       Potion            ||     1
 Stab: Sleeping          ||     4
  Eat: Chunk             ||     5
Armor: Leather armour    ||    29
Dodge: Dodged            ||    93
